 Dungeon Crawl Stone Soup version 0.27-a0-1245-g940ed4fa31 (webtiles) character file.

Game seed: 5177224761051422791

456 deletemesenpai the Chopper (level 7, -5/60 HPs)
             Began as a Hill Orc Fighter on June 9, 2021.
             Slain by a killer bee (7 damage)
             ... on level 4 of the Dungeon.
             The game lasted 00:12:53 (5266 turns).

deletemesenpai the Chopper (Hill Orc Fighter)       Turns: 5266, Time: 00:12:53

Health: -5/60      AC:  7    Str: 17 (19) XL:     7   Next: 6%
Magic:  7/7        EV:  7    Int:  7 (8)  God:
Gold:   217        SH:  9    Dex: 10 (12) Spells: 6/6 levels left

rFire    . . .     SeeInvis .   a - +0 war axe
rCold    + . .     Faith    .   c - +0 kite shield
rNeg     . . .     Spirit   .   b - +0 scale mail
rPois    .         Reflect  .   (no helmet)
rElec    .         Harm     .   (no cloak)
rCorr    .         Rampage  .   (no gloves)
Will     .....                  (no boots)
Stlth    ..........             (no amulet)
HPRegen  0.20/turn              f - ring of protection from cold
MPRegen  0.10/turn              (no ring)

@: attractive
A: no striking features
a: no special abilities


You were on level 4 of the Dungeon.
You visited 1 branch of the dungeon, and saw 4 of its levels.

You collected 217 gold pieces.

Inventory:

Hand Weapons
 a - a +0 war axe (weapon)
Armour
 b - a +0 scale mail (worn)
 c - a +0 kite shield (worn)
Magical Staves
 d - a staff of death
Jewellery
 f - a ring of protection from cold (left hand)
Scrolls
 g - a scroll of teleportation {unknown}
 j - a scroll of identify


   Skills:
 + Level 4.5 Fighting
 * Level 7.4 Axes
 + Level 4.9 Armour
 + Level 4.1 Shields


You had 6 spell levels left.
You didn't know any spells.
Your spell library was empty.

Dungeon Overview and Level Annotations

Branches:
Dungeon (4/15)
 Temple: D:4-7

Altars:
Yredelemnul

Shops:
D:2 *

Annotations:
D:3 Sigmund
D:4 Eustachio


Message History

You are more poisoned.
The killer bee poisons you!
You feel very sick. You block the killer bee's attack.
You feel very sick. You block the killer bee's attack.
You feel very sick. The killer bee closely misses you.
You feel sick. The killer bee closely misses you.
You feel sick. You block the killer bee's attack.
You feel sick.
You feel sick.
You feel sick.
The killer bee stings you but does no damage.
The killer bee stings you. The killer bee barely misses you.
You feel sick. You block the killer bee's attack.
You feel sick. You block the killer bee's attack.
The killer bee closely misses you. You block the killer bee's attack.
You feel sick.
You are no longer poisoned.
The killer bee stings you.
* * * LOW HITPOINT WARNING * * *
You block the killer bee's attack. x2
The killer bee barely misses you. x2
It was a potion of attraction.
You feel attractive to monsters. The killer bee barely misses you.
The killer bee stings you!
* * * LOW HITPOINT WARNING * * *
The killer bee stings you but does no damage.
The killer bee stings you.
* * * LOW HITPOINT WARNING * * *
You block the killer bee's attack. x2
You block the killer bee's attack. The killer bee completely misses you.
The killer bee stings you.
* * * LOW HITPOINT WARNING * * *
The killer bee closely misses you.
The killer bee stings you but does no damage. x2
The killer bee barely misses you. You block the killer bee's attack.
The killer bee stings you!
You die...

#.....# #.....#######
#...........#######
#.................#
#.................#
####..............#
#..............# #
########.......y......###########
...............y@.)..............
########.......y...).)######.....
##########.).)..###########
.........(.[......)........
######################.####
#.#... #.#.<# #.#### #.....


You could see 3 killer bees.

Vanquished Creatures
  A black bear (D:4)
  A scorpion (D:4)
  A howler monkey (D:3)
  2 orc wizards (D:4)
  A hound skeleton (D:4)
  8 adders
  2 adder skeletons (D:4)
  A worm (D:2)
  3 dart slugs
  13 orcs
  4 ball pythons
  8 endoplasms
  4 giant cockroaches
  10 goblins
  8 hobgoblins
  9 jackals
  6 quokkas
  5 bats
  2 frilled lizards
  A jackal skeleton (D:4)
  4 kobolds
  6 rats
100 creatures vanquished.

Vanquished Creatures (others)
  3 plants (D:2)
3 creatures vanquished.

Grand Total: 103 creatures vanquished

Notes
Turn   | Place    | Note
-------+----------+-------------------------------------------
     0 | D:1      | deletemesenpai the Hill Orc Fighter began the quest for the
                  | Orb.
     0 | D:1      | Reached XP level 1. HP: 19/19 MP: 1/1
   368 | D:1      | Reached XP level 2. HP: 27/27 MP: 2/2
   613 | D:1      | Found a faded altar of an unknown god.
   775 | D:1      | Reached skill level 3 in Axes
   907 | D:2      | Reached XP level 3. HP: 22/33 MP: 3/3
  1511 | D:2      | Found Aguowysa's Assorted Antiques.
  1621 | D:2      | Reached skill level 4 in Axes
  1630 | D:2      | Reached XP level 4. HP: 36/40 MP: 4/4
  2196 | D:3      | Reached skill level 5 in Axes
  2196 | D:3      | Reached XP level 5. HP: 28/46 MP: 5/5
  2645 | D:3      | You fall into a shaft and drop 1 floor!
  2645 | D:4      | Found a basalt altar of Yredelemnul.
  2645 | D:4      | Noticed Eustachio
  2674 | D:4      | Noticed a black bear
  2718 | D:4      | Killed a black bear
  2719 | D:4      | Reached skill level 6 in Axes
  2719 | D:4      | Reached XP level 6. HP: 18/52 MP: 6/6
  3222 | D:3      | Noticed Sigmund
  4616 | D:4      | Reached skill level 7 in Axes
  5071 | D:4      | Reached XP level 7. HP: 43/60 MP: 7/7
  5263 | D:4      | HP: 3/60 [killer bee (5)]
  5266 | D:4      | Slain by a killer bee

Illustrated notes

Levels and vault maps discovered:
D:1:      nagdon_arrival_zigzag_paths, layout_basic,
          ebering_ecumenical_altar_rust
D:2:      layout_loops_corners, serial_shops, nicolae_shop_overgrown_old_shop,
          guppyfry_early_orc_mine
D:3:      layout_loops_cross, grunt_ministairs_15,
          chequers_serial_rivers_micro_a, due_unseen_surprise, uniq_sigmund
D:4:      layout_basic, lemuel_crystal_altar, st_stairs_3, uniq_eustachio

Skill      XL: |  1  2  3  4  5  6 |
---------------+-------------------+-----
Axes           | 3 4 5 6 7 |  7.4
Armour         | 4 |  4.9
Fighting       | 4 |  4.5
Shields        | 4 |  4.1

Action                   |  1- 3 |  4- 6 |  7- 9 || total
-------------------------+-------+-------+-------++-------
Melee: War axe           |    86 |   174 |    13 ||   273
  Use: Potion            |       |     6 |     1 ||     7
       Scroll            |       |     1 |       ||     1
Armor: Scale mail        |    37 |   116 |    17 ||   170
Dodge: Dodged            |    25 |    74 |    12 ||   111
Block: Kite shield       |    55 |   112 |    18 ||   185

Table legend: (Time is in decaauts)
 A = Elapsed time spent in this place.
 B = Non-inter-level travel time spent in this place.
 C = Inter-level travel time spent in this place.
 D = Time resting spent in this place.
 E = Time spent auto-exploring this place.
 F = Levels seen in this place.
 G = Mean time per level.
                   A        B        C        D        E       F      G
               +--------+--------+--------+--------+--------+-----+--------+
         Total |   5380 |   5380 |      0 |   2052 |   2031 |   4 | 1345.0 |
       Dungeon |   5380 |   5380 |      0 |   2052 |   2031 |   4 | 1345.0 |
               +--------+--------+--------+--------+--------+-----+--------+

Top non-repeatable levels by time:
     D:3: 2114 daAuts
     D:2: 1287 daAuts
     D:1: 1083 daAuts
     D:4: 894 daAuts
